montu, chaotic male human Wizard ----- |...| ----- #....| |...| ###|...| --- |...|# # |.<.| ... |...|#######|....# ........ |...| % -----# -)..- I#%#.....### | ----- montu the Conjurer Experience level: 4 Strength: 10 Dexterity: 14 Constitution: 17 Intelligence: 18 Wisdom: 10 Charisma: 8 Health: 0(43) Energy: 35(35) Def: 1 Gold: 1945 Moves: 4563 Dungeon seed: R4y5AUSssIdcZgei Game ID: montu_1682396281 Your Inventory: Coins $ - 1945 gold pieces Amulets U - an uncursed amulet of restful sleep Weapons a - a blessed +1 quarterstaff (weapon in hands) i - an uncursed +0 sling of hunger V - an uncursed +0 nasty elven bow Armor e - an uncursed +0 cloak of magic resistance (being worn) j - an uncursed +0 alchemy smock p - an uncursed +0 dwarvish cloak of warning q - an uncursed +0 cloak of magic resistance v - a cursed -2 cloak of invisibility and fumbling y - a cursed +0 cloak of magic resistance Y - a cursed +0 oilskin cloak Comestibles m - an uncursed partly eaten food ration r - an uncursed tripe ration B - an uncursed fortune cookie W - a cursed food ration Scrolls u - an uncursed scroll of teleportation M - a blessed scroll of magic mapping N - a cursed scroll of destroy armor Spellbooks x - an uncursed spellbook of summoning D - an uncursed spellbook of create familiar F - an uncursed spellbook of phase G - an uncursed spellbook of charm monster Potions P - 2 cursed potions of booze Q - a cursed potion of enlightenment R - an uncursed potion of water S - a cursed potion of see invisible Rings t - an uncursed ring of shock immunity (on left hand) Wands b - an uncursed wand of striking (0:0) o - an uncursed wand of nothing (0:6) w - an uncursed wand of digging (0:7) L - an uncursed wand of striking (0:0) O - an uncursed wand of light (0:8) T - a cursed wand of striking (0:0) Tools g - an uncursed blindfold h - an uncursed blindfold k - an uncursed lock pick s - an uncursed drum of earthquake (0:7) E - an uncursed tin whistle X - an uncursed blindfold Z - an uncursed skeleton key Gems z - an uncursed jet stone A - an uncursed luckstone Spells and supernatural/magical abilities: Name Level Category Cost Memory a - force bolt 1 attack 6pw 93% d - dig 2 matter 25pw 96% h - healing 1 healing 12pw 96% m - magic missile 2 attack 12pw 93% z - sleep 1 enchantment 8pw 94% I - identify 2 divination 25pw 93% O - summoning 2 clerical 25pw 93% W - pray for help -- divine ? -- Your skills at the end: Fighting Skills wands [Basic] Weapon Skills quarterstaff [Skilled] Spellcasting Skills attack spells [Skilled] enchantment spells [Basic] Final Attributes: You had sinned. You were immune to electricity. You were magic resistant. You were blinded. You were lucky. You had extra luck. Bad luck did not time out for you. Good luck did not time out for you. Anhur was noncommittal. You are dead. Vanquished creatures: a wizard a housecat a rock piercer a kobold mummy a gray ooze a giant ant a little dog a floating eye 4 kittens a homunculus 2 rabid rats 3 giant bats 3 orc zombies 2 dwarf zombies 2 wererats 3 iguanas an acid blob a coyote 4 hobbits 2 large kobolds a hobgoblin a giant rat a garter snake a gnome zombie 2 geckos 10 jackals 2 foxes 2 kobolds 3 goblins 2 sewer rats 9 grid bugs 5 lichens a kobold zombie 6 newts 82 creatures vanquished. Genocided species: hobbits bugbears dwarf lords dwarf kings mind flayers master mind flayers 6 species genocided. Voluntary challenges: You used a wielded weapon 84 times, starting on turn 177. You read items or engraved 111 times, starting on turn 424. You genocided 6 types of monsters, starting on turn 3870. You never polymorphed an object. You never changed form. You used no wishes. You never split a pudding. You wrote Elbereth's name 90 times, starting on turn 1315. You violated your moral code, losing 35 points of alignment, starting on turn 4203. Dungeon overview: The Dungeons of Doom: levels 1 to 6 Level 1 a long staircase Level 2 a bookstore, a fountain, a vault Level 3 a fountain, a sink a long staircase Level 4 an altar to Anhur, a vault Level 5 some fountains Level 6 <- You were here History has recorded: On T:1 you entered the Dungeons of Doom to retrieve the Amulet of Yendor! On T:276 you reached level 2 of The Dungeons of Doom. On T:475 you reached level 3 of The Dungeons of Doom. On T:545 you advanced to experience level 2. On T:634 you reached level 4 of The Dungeons of Doom. On T:674 you advanced to experience level 3. On T:994 you advanced to experience level 4. On T:1524 you advanced to experience level 5. On T:3328 you reached level 5 of The Dungeons of Doom. On T:3870 you genocided class 'h'. On T:3884 you advanced to experience level 6. On T:4467 you reached level 6 of The Dungeons of Doom. Score breakdown: Gold: 1945 (11188 points) Experience: 4 levels ( 9649 points) Exploration: 6 levels ( 12.00%) ( 9583 points) Discoveries: 36 items ( 12.08%) (10427 points) Valuables value: (no points given unless you survive) Artifact value: 0 ( 0 points) Variety of kills: 34 monsters ( 8.95%) ( 8973 points) Turncount: 4563 turns (-1219 points) Survival: died (score multiplied by 80%) Total score: 38880 Latest messages: Montu suddenly disappears! It must be a wand of make invisible. It removes a potion from its bag. It hurls a magenta potion! The carafe crashes on your head and breaks into shards. This burns! It must be a potion of acid. It removes a scroll from its bag. It hurls an emerald potion! The carafe crashes on your head and breaks into shards. Huh, What? Where am I? (You can name an emerald potion from the item naming menu.) You are no longer confused. Something is burning your lungs! You cough and spit blood! It coughs! Something is burning your lungs! You cough and spit blood! Something is burning your lungs! You cough and spit blood! You feel an object drain your life! Goodbye level 6. You feel an object drain your life! Goodbye level 5. You die... Final status: Goodbye montu the Wizard, killed by an invisible wizard called "montu", while sleeping... You died in The Dungeons of Doom on dungeon level 6 with 38880 points, and 1945 pieces of gold, after 4563 moves. You were level 4 with a maximum of 43 hit points when you died.